 Dungeon Crawl Stone Soup version 0.32-a0-872-g59262bdc9b (webtiles) character file.

Game seed: 17845239304348605439

3615 dolemite99 the Magician (level 10, -4/74 HPs)
             Began as a Gnoll Earth Elementalist on Mar 30, 2024.
             Was a Priest of Wu Jian.
             Incinerated by a deep elf pyromancer (9 damage)
             ... with a pyre arrow
             ... on level 7 of the Dungeon.
             The game lasted 00:13:25 (8854 turns).

dolemite99 the Magician (Gnoll Earth Elementalist)  Turns: 8854, Time: 00:13:25

Health: -4/74      AC:  6    Str:  8    XL:     10   Next: 11%
Magic:  8/20       EV: 28    Int: 19    God:    Wu Jian [***...]
Gold:   439        SH:  0    Dex: 12    Spells: 16/23 levels left

rFire   . . .        b - +0 sling (flame)
rCold   + . .        (no shield)
rNeg    . . .        I - +2 robe {rC+}
rPois   .            (no helmet)
rElec   +            s - +1 cloak
rCorr   .            (no gloves)
SInv    +            (no boots)
Will    .....        F - amulet of the acrobat
Stlth   ++           o - ring of Xeaty {rElec SInv}
HPRegen 0.32/turn    (no ring)
MPRegen 0.17/turn

%: acrobat
@: on fire, acrobatic, glowing
A: fangs 1, strong nose, distributed training
a: Renounce Religion, Wall Jump, Serpent's Lash


You were on level 7 of the Dungeon.
You worshipped Wu Jian.
Wu Jian was most pleased with you.
You visited 1 branch of the dungeon, and saw 7 of its levels.
You also visited: Sewer.

You collected 439 gold pieces.

Inventory:

Hand Weapons
 a - a +1 whip of venom
 b - a +0 sling of flaming (weapon)
 d - a +1 heavy hand axe
 i - a +0 short sword
 u - a +2 long sword of freezing
 H - a +2 trident of draining
 J - a +2 flail of protection
Armour
 e - a +0 robe
 f - a +0 robe of positive energy
 s - a +1 cloak (worn)
 I - a +2 robe of cold resistance (worn)
Jewellery
 o - the ring of Xeaty (left hand) {rElec SInv}
   (You found it on level 4 of the Dungeon)

   [ring of see invisible]

   rElec:     It insulates you from electricity.
   SInv:      It lets you see invisible.
 v - a ring of ice
 x - a ring of positive energy
 A - an amulet of guardian spirit
 F - an amulet of the acrobat (around neck)
Wands
 t - a wand of warping (15)
 B - a wand of charming (5)
 D - a wand of flame (23)
Scrolls
 c - 3 scrolls of silence
 h - a scroll of amnesia
 k - 3 scrolls of immolation
 l - a scroll of teleportation
 r - a scroll of brand weapon
 y - a scroll of enchant armour
 z - 5 scrolls of identify {@r1}
Potions
 g - a potion of curing
 j - 3 potions of cancellation
 m - a potion of enlightenment
 n - a potion of lignification {unknown}
 p - a potion of berserk rage {unknown}
 q - a potion of might {unknown}
 w - 2 potions of degeneration {unknown}
 C - a potion of brilliance
 E - a potion of resistance {unknown}
 G - 3 potions of heal wounds {unknown}


   Skills:
 + Level 5.1 Fighting
 + Level 5.1 Short Blades
 + Level 5.1 Long Blades
 + Level 5.1 Axes
 + Level 5.1 Maces & Flails
 + Level 5.1 Polearms
 + Level 5.1 Staves
 + Level 5.1 Ranged Weapons
 + Level 5.1 Throwing
 + Level 5.1 Armour
 + Level 7.0 Dodging
 + Level 6.7 Stealth
 + Level 5.1 Shields
 + Level 5.1 Unarmed Combat
 + Level 7.2 Spellcasting
 + Level 4.8 Conjurations
 + Level 4.2 Hexes
 + Level 4.2 Summonings
 + Level 4.2 Necromancy
 + Level 4.2 Translocations
 + Level 4.2 Fire Magic
 + Level 4.2 Ice Magic
 + Level 4.2 Air Magic
 + Level 7.0 Earth Magic
 + Level 4.2 Alchemy
 + Level 5.6 Invocations
 + Level 5.1 Evocations
 + Level 4.7 Shapeshifting


You had 16 spell levels left.
You knew the following spells:

 Your Spells              Type           Power      Damage    Failure   Level
a - Sandblast             Erth           66%        2d15      1%          1
b - Stone Arrow           Conj/Erth      58%        3d10      2%          3
c - Passwall              Erth           33%        N/A       1%          3

Your spell library contained the following spells:

 Spells                   Type           Power      Damage    Failure   Level
 Brom's Barrelling Bould  Conj/Erth      29%        2d5       9%          4
 Petrify                  Alch/Erth      28%        N/A       10%         4


Dungeon Overview and Level Annotations

Branches:
Dungeon (7/15)             Temple (0/1) D:4           Sewer (visited)

Altars:
Dithmenos
Elyvilon
Fedhas
Hepliaklqana
Makhleb
Wu Jian

Shops:
D:2 :([

Annotations:
D:3 1 runed translucent door, SageDae's ghost, amateur DEHu


Innate Abilities, Weirdness & Mutations

You have very sharp teeth.
Your uncanny sense of smell can sniff out nearby items.
Your experience applies equally to all skills.


Message History

The stone arrow misses the deep elf pyromancer.
The liquid fire burns you!
Casting: Stone Arrow (dangerous; 2% risk of failure)
Confirm with . or Enter, or press ? or * to list all spells.
Aiming: Stone Arrow (dangerous; 2% risk of failure)
Press: ? - help, Shift-Dir - straight line, f/p - deep elf pyromancer
Aim: a deep elf pyromancer, wielding a +0 short sword (almost dead, 60% to hit)
The stone arrow hits the deep elf pyromancer!!
You kill the deep elf pyromancer!
The Council accepts your kill. The liquid fire burns you!
Your Fighting skill increases to level 5!
Your Short Blades skill increases to level 5!
Your Long Blades skill increases to level 5!
Your Axes skill increases to level 5!
Your Maces & Flails skill increases to level 5!
Your Polearms skill increases to level 5!
Your Staves skill increases to level 5!
Your Ranged Weapons skill increases to level 5!
Your Throwing skill increases to level 5!
Your Armour skill increases to level 5!
Your Dodging skill increases to level 7!
Your Shields skill increases to level 5!
Your Unarmed Combat skill increases to level 5!
Your Earth Magic skill increases to level 7!
Your Evocations skill increases to level 5!
You have reached level 10!
You are on fire!
You are on fire!
You are on fire!
You are on fire!
The liquid fire burns you! The liquid fire burns you!
The liquid fire burns you! The liquid fire burns you!
* * * LOW HITPOINT WARNING * * *
The liquid fire burns you!
* * * LOW HITPOINT WARNING * * *
The liquid fire burns you!
You die...

#.)..'....#.#.####....###......
#....####...#...........#......
###### ##)########....#.#......
#ß.ß# #....#.#.#.### #ß.ß#####
#....#.#.#.# #ß.ß#.#.#
##.......#.### +...†..##
#............ ##ß##...#
#......##.##. ######@#
#......##.##. #).#
#......##.##. #..#
#####+###.##. #..# #.##. +.##
#.#.. ### #...# ....


There were no monsters in sight!

Vanquished Creatures
  A deep elf pyromancer (D:7)
  Jeremiah (D:6)
  A wraith (D:6)
  6 humans (D:6)
  A sky beast (D:7)
  An orc warrior (D:7)
  An ogre (D:4)
  A scorpion (D:4)
  3 bullfrogs (D:6)
  6 wights (D:7)
  A bombardier beetle (D:7)
  A howler monkey (D:4)
  6 hounds
  A gnoll bouda (D:6)
  2 orc priests
  6 jellies
  3 iguanas
  4 sleepcaps
  3 orc wizards (D:4)
  12 adders
  3 gnolls (D:6)
  3 river rats (Sewer)
  2 ufetubi (D:5)
  3 ribbon worms (D:2)
  2 dart slugs
  18 orcs
  4 ball pythons
  22 endoplasms
  6 giant cockroaches
  5 goblins
  4 hobgoblins
  3 jackals (D:1)
  4 quokkas
  5 bats
  18 frilled lizards
  5 kobolds
  5 rats
173 creatures vanquished.

Notes
Turn   | Place    | Note
-------+----------+-------------------------------------------
     0 | D:1      | dolemite99 the Gnoll Earth Elementalist began the quest for
                  | the Orb.
     0 | D:1      | Reached XP level 1. HP: 13/13 MP: 6/6
   216 | D:1      | Reached XP level 2. HP: 19/19 MP: 5/7
   250 | D:1      | You fall into a shaft and drop 1 floor!
   295 | D:2      | Found Onoihuna's Antique Armour Shoppe.
  1114 | D:2      | Reached skill level 5 in Spellcasting
  1114 | D:2      | Reached XP level 3. HP: 25/25 MP: 4/9
  1279 | D:2      | Reached skill level 1 in Invocations
  1461 | D:2      | Reached skill level 1 in Fighting
  1461 | D:2      | Reached skill level 1 in Short Blades
  1461 | D:2      | Reached skill level 1 in Long Blades
  1461 | D:2      | Reached skill level 1 in Axes
  1461 | D:2      | Reached skill level 1 in Maces & Flails
  1461 | D:2      | Reached skill level 1 in Polearms
  1461 | D:2      | Reached skill level 1 in Staves
  1461 | D:2      | Reached skill level 1 in Ranged Weapons
  1461 | D:2      | Reached skill level 1 in Throwing
  1461 | D:2      | Reached skill level 1 in Armour
  1461 | D:2      | Reached skill level 1 in Shields
  1461 | D:2      | Reached skill level 1 in Unarmed Combat
  1461 | D:2      | Reached skill level 1 in Evocations
  1461 | D:2      | Found Roerof's Antique Weapon Shoppe.
  1472 | D:2      | Reached skill level 1 in Shapeshifting
  1472 | D:2      | Reached XP level 4. HP: 32/32 MP: 9/11
  1638 | D:2      | Found Iloas's Book Boutique.
  1826 | D:2      | Found a faded altar of an unknown god.
  1885 | D:2      | Reached skill level 1 in Hexes
  1885 | D:2      | Reached skill level 1 in Summonings
  1885 | D:2      | Reached skill level 1 in Necromancy
  1885 | D:2      | Reached skill level 1 in Translocations
  1885 | D:2      | Reached skill level 1 in Fire Magic
  1885 | D:2      | Reached skill level 1 in Ice Magic
  1885 | D:2      | Reached skill level 1 in Air Magic
  1885 | D:2      | Reached skill level 1 in Alchemy
  1888 | D:2      | Prayed at the altar of an unknown god.
  1888 | D:2      | Became a worshipper of the Wu Jian Council
  1888 | D:2      | Reached * piety under Wu Jian
  2317 | D:2      | Reached XP level 5. HP: 22/37 MP: 9/12
  2512 | D:3      | Learned a level 3 spell: Stone Arrow
  2531 | D:3      | Found a white marble altar of Elyvilon.
  2595 | D:3      | Found a runed translucent door.
  2596 | D:3      | Noticed SageDae's ghost (amateur DEHu)
  2707 | D:3      | Found a shadowy altar of Dithmenos.
  2740 | D:3      | Found a hazy altar of Hepliaklqana.
  3347 | D:4      | Found a staircase to the Ecumenical Temple.
  3623 | D:4      | Identified the ring of Xeaty {rElec SInv}
  3627 | D:4      | Reached XP level 6. HP: 44/44 MP: 11/14
  3698 | D:4      | Reached skill level 5 in Dodging
  3980 | D:4      | Reached ** piety under Wu Jian
  4053 | D:4      | Reached XP level 7. HP: 51/51 MP: 11/15
  4536 | D:5      | Entered Level 5 of the Dungeon
  4738 | D:5      | Reached skill level 5 in Stealth
  5104 | D:5      | Found a glowing drain.
  5113 | Sewer    | Entered a sewer
  5245 | Sewer    | Reached *** piety under Wu Jian
  5317 | Sewer    | Found a viscous altar of Jiyva.
  5451 | Sewer    | Reached XP level 8. HP: 58/58 MP: 14/16
  5698 | D:5      | Learned a level 3 spell: Passwall
  5972 | D:6      | HP: 2/58 [gnoll/+0 spear[a gnoll bouda] (4)]
  6845 | D:6      | Reached XP level 9. HP: 50/65 MP: 4/18
  7230 | D:6      | Noticed Jeremiah
  7260 | D:6      | Killed Jeremiah
  7639 | D:6      | Reached skill level 5 in Invocations
  7700 | D:6      | Found a burning altar of Makhleb.
  7716 | D:6      | Found a blossoming altar of Fedhas.
  8379 | D:7      | Noticed a two-headed ogre
  8379 | D:7      | Noticed a two-headed ogre
  8842 | D:7      | Noticed a deep elf pyromancer
  8848 | D:7      | Killed a deep elf pyromancer
  8849 | D:7      | Reached skill level 5 in Fighting
  8849 | D:7      | Reached skill level 5 in Short Blades
  8849 | D:7      | Reached skill level 5 in Long Blades
  8849 | D:7      | Reached skill level 5 in Axes
  8849 | D:7      | Reached skill level 5 in Maces & Flails
  8849 | D:7      | Reached skill level 5 in Polearms
  8849 | D:7      | Reached skill level 5 in Staves
  8849 | D:7      | Reached skill level 5 in Ranged Weapons
  8849 | D:7      | Reached skill level 5 in Throwing
  8849 | D:7      | Reached skill level 5 in Armour
  8849 | D:7      | Reached skill level 5 in Shields
  8849 | D:7      | Reached skill level 5 in Unarmed Combat
  8849 | D:7      | Reached skill level 5 in Evocations
  8849 | D:7      | Reached XP level 10. HP: 53/74 MP: 7/20
  8854 | D:7      | Incinerated by a deep elf pyromancer

Illustrated notes

Levels and vault maps discovered:
D:1:      ebering_trefoil_twist, layout_basic
D:2:      layout_rooms, serial_shops, nicolae_diamond_shop, shop, shop,
          hellmonk_ecumenical_altar_blasted, grunt_decor_junction,
          minmay_lizard_king
D:3:      layout_loops_corners, worldfamousw_hep_ancestral_shrine,
          mainiacjoe_overflow_swirl, ebering_ghost_reflecting_pool
D:4:      layout_loops_ring, temple_pool_b
D:5:      nicolae_cairo_tiling_large_dashed, layout_loops_ring,
          portal_sewer_entry_d
D:6:      layout_gridville, jmf_multi_god_temple2, minmay_ruffians,
          uniq_jeremiah
D:7:      minmay_chambers_of_sevens, layout_basic, enter_bailey_5, st_stairs_4,
          glass_columns_b, nicolae_phantomly_mirrored

Skill      XL: |  1  2  3  4  5  6  7  8  9 |
---------------+----------------------------+-----
Conjurations   | 2 3 4 |  4.8
Spellcasting   | 5 6 7 |  7.2
Invocations    | 1 2 3 4 5 |  5.6
Fighting       | 1 2 3 4 5 |  5.1
Short Blades   | 1 2 3 4 5 |  5.1
Long Blades    | 1 2 3 4 5 |  5.1
Axes           | 1 2 3 4 5 |  5.1
Maces & Flails | 1 2 3 4 5 |  5.1
Polearms       | 1 2 3 4 5 |  5.1
Staves         | 1 2 3 4 5 |  5.1
Ranged Weapons | 1 2 3 4 5 |  5.1
Throwing       | 1 2 3 4 5 |  5.1
Armour         | 1 2 3 4 5 |  5.1
Shields        | 1 2 3 4 5 |  5.1
Unarmed Combat | 1 2 3 4 5 |  5.1
Evocations     | 1 2 3 4 5 |  5.1
Shapeshifting  | 1 2 3 4 |  4.7
Hexes          | 1 2 3 4 |  4.2
Summonings     | 1 2 3 4 |  4.2
Necromancy     | 1 2 3 4 |  4.2
Translocations | 1 2 3 4 |  4.2
Fire Magic     | 1 2 3 4 |  4.2
Ice Magic      | 1 2 3 4 |  4.2
Air Magic      | 1 2 3 4 |  4.2
Alchemy        | 1 2 3 4 |  4.2
Dodging        | 5 6 7 |  7.0
Stealth        | 5 6 |  6.7
Earth Magic    | 6 7 |  7.0

Action                     |  1- 3 |  4- 6 |  7- 9 | 10-12 || total
---------------------------+-------+-------+-------+-------++-------
  Melee: Unarmed           |     3 |       |       |       ||     3
         Bite              |     1 |     2 |       |       ||     3
         Short sword       |     1 |     5 |       |       ||     6
         Long sword        |       |    12 |       |       ||    12
   Fire: Sling             |       |       |   136 |       ||   136
   Cast: Sandblast         |    40 |    90 |    90 |       ||   220
         Stone Arrow       |       |       |    60 |       ||    60
         Passwall          |       |       |     1 |       ||     1
Ability: Lunge             |       |     1 |       |       ||     1
  Evoke: Wand              |       |       |    13 |       ||    13
    Use: Scroll            |       |    12 |     6 |       ||    18
         Potion            |       |       |     7 |       ||     7
   Stab: Distracted        |       |     1 |       |       ||     1
 Armour: Robe              |    14 |    47 |    90 |       ||   151
  Dodge: Dodged            |    24 |    29 |    89 |       ||   142

Table legend: (Time is in decaauts)
 A = Elapsed time spent in this place.
 B = Non-inter-level travel time spent in this place.
 C = Inter-level travel time spent in this place.
 D = Time resting spent in this place.
 E = Time spent auto-exploring this place.
 F = Levels seen in this place.
 G = Mean time per level.
                   A        B        C        D        E       F      G
               +--------+--------+--------+--------+--------+-----+--------+
         Total |   9040 |   8844 |    196 |   2477 |   4858 |   8 | 1130.0 |
       Dungeon |   8628 |   8432 |    196 |   2462 |   4618 |   7 | 1232.6 |
         Sewer |    411 |    411 |      0 |     15 |    240 |   1 |  411.0 |
               +--------+--------+--------+--------+--------+-----+--------+

Top non-repeatable levels by time:
     D:6: 2305 daAuts
     D:2: 1495 daAuts
     D:4: 1274 daAuts
     D:3: 1018 daAuts
     D:7: 859 daAuts
     D:5: 848 daAuts
     D:1: 826 daAuts
   Sewer: 411 daAuts
